[Event "Titled Tuesday Blitz July 4 Late 2023"]
[White "Ibrahimli, Murad"]
[Black "Moksh Amit Doshi"]
[WhiteFideId "13410229"]
[BlackFideId "25064967"]
[WhiteElo "2921"]
[BlackElo "2595"]
[Result "1-0"]
[Round "6"]
[TimeControl "180+2"]
[Date "2023.07.04"]
[WhiteClock "0:01:56"]
[BlackClock "0:00:47"]
[Board "31"]

1. c4 e5 2. Nc3 Nf6 3. e3 Bb4 4. Nge2 O-O 5. a3 Be7 6. d4 exd4 7. Qxd4 Nc6 8. Qd1 d6 9. Nf4 Bg4 10. Be2 Bxe2 11. Qxe2 a5 12. b3 Nd7 13. O-O Bf6 14. Nfd5 Nc5 15. Rb1 Bxc3 16. Nxc3 Re8 17. Rd1 Qc8 18. Nd5 Ne7 19. Qc2 Nxd5 20. cxd5 Qd7 21. Bb2 h5 22. h3 Qe7 23. Bd4 Ne4 24. Rbc1 Rac8 25. b4 axb4 26. axb4 Qg5 27. Qe2 h4 28. Qg4 Qxg4 29. hxg4 Kh7 30. f3 Ng3 31. Kf2 f5 32. gxf5 Nxf5 33. e4 Nxd4 34. Rxd4 g5 35. Rdc4 Re7 36. b5 b6 37. Rc6 Ra8 38. Rxc7 Ra2+ 39. Kg1 Rxc7 40. Rxc7+ Kg6 41. Rc6 Kf6 42. Rxd6+ Ke5 43. Rxb6 Kf4 44. Kh2 Rb2 45. Rf6+ Ke3 46. Rg6 Kf4 47. b6 Rb1 48. Rf6+ Ke3 49. d6 Rxb6 50. d7 1-0


[Site "https://www.chess.com"]

[Event "Titled Tuesday Blitz July 4 Late 2023"]
[White "Sanal, Vahap"]
[Black "The_Sherman_Variation"]
[WhiteFideId "6300545"]
[WhiteElo "2890"]
[BlackElo "2571"]
[Result "1-0"]
[Round "6"]
[TimeControl "180+2"]
[Date "2023.07.04"]
[WhiteClock "0:00:29"]
[BlackClock "0:00:16"]
[Board "32"]

1. d4 Nf6 2. c4 c5 3. Nf3 cxd4 4. Nxd4 Nc6 5. Nc3 e5 6. Ndb5 a6 7. Nd6+ Bxd6 8. Qxd6 Qe7 9. Qxe7+ Kxe7 10. Bg5 Ke6 11. g3 Kf5 12. h4 d6 13. O-O-O Ne8 14. Nd5 f6 15. Be3 Kg6 16. Nb6 Rb8 17. Nxc8 Rxc8 18. Bh3 f5 19. Bb6 Kf6 20. b3 g6 21. e4 Ne7 22. f4 Rc6 23. Bd8 Ng7 24. Ba5 b5 25. Rhe1 bxc4 26. Rxd6+ Rxd6 27. fxe5+ Kxe5 28. Bc3+ Ke6 29. Bxg7 Rg8 30. exf5+ Kf7 31. Be5 Rc6 32. Bg2 Rc5 33. Bd6 Rcc8 34. Rxe7+ Kf6 35. Bd5 cxb3+ 36. Kb2 Rgd8 37. Rf7# 1-0


[Site "https://www.chess.com"]

[Event "Titled Tuesday Blitz July 4 Late 2023"]
[White "Leitao, Rafael"]
[Black "Kochiev, Ivan"]
[WhiteFideId "2101246"]
[BlackFideId "2917890"]
[WhiteElo "2787"]
[BlackElo "2561"]
[Result "1/2-1/2"]
[Round "6"]
[TimeControl "180+2"]
[Date "2023.07.04"]
[WhiteClock "0:00:09"]
[BlackClock "0:00:03"]
[Board "33"]

1. c4 Nf6 2. Nc3 e6 3. e4 d5 4. e5 d4 5. exf6 dxc3 6. bxc3 Qxf6 7. Nf3 h6 8. d4 b6 9. Bd3 Bb7 10. O-O Nd7 11. Nd2 Bd6 12. Qe2 Qe7 13. Ne4 O-O 14. Re1 Rfe8 15. Bb2 Nf6 16. Ng3 c5 17. Rad1 a6 18. Bc1 Qc7 19. Be3 Bf4 20. Kh1 Rad8 21. Nh5 Nxh5 22. Qxh5 Bxe3 23. fxe3 Qc6 24. Qh3 b5 25. cxb5 axb5 26. Rb1 b4 27. Rec1 e5 28. cxb4 exd4 29. e4 Re5 30. bxc5 Rxc5 31. Rf1 Ba6 32. Rbd1 Rc3 33. Rf3 Qa4 34. Rdf1 Qxa2 35. Bxa6 Qxa6 36. Qf5 Rxf3 37. Qxf3 Rd7 38. Rd1 d3 39. h3 d2 40. Qe3 Qd6 41. Kg1 Qd4 42. Kf2 Kf8 43. Qxd4 Rxd4 44. Ke3 Rd7 45. Rxd2 Rxd2 46. Kxd2 Ke7 47. Ke3 Ke6 1/2-1/2


[Site "https://www.chess.com"]

[Event "Titled Tuesday Blitz July 4 Late 2023"]
[White "Raja Rithvik R"]
[Black "Golubev, Mikhail"]
[WhiteFideId "35007394"]
[BlackFideId "14100983"]
[WhiteElo "2786"]
[BlackElo "2555"]
[Result "1-0"]
[Round "6"]
[TimeControl "180+2"]
[Date "2023.07.04"]
[WhiteClock "0:00:14"]
[BlackClock "0:00:00"]
[Board "34"]

1. Nf3 d6 2. c4 g6 3. d4 Bg7 4. g3 Nf6 5. Bg2 O-O 6. Nc3 Nbd7 7. O-O e5 8. e4 Re8 9. h3 b6 10. Be3 Bb7 11. Qc2 exd4 12. Nxd4 Nc5 13. f3 Nfd7 14. Rad1 f5 15. b4 fxe4 16. bxc5 bxc5 17. Nde2 exf3 18. Bxf3 Bxf3 19. Rxf3 Ne5 20. Rff1 Nxc4 21. Qb3 Rxe3 22. Qxc4+ Kh8 23. Nd5 Re5 24. Nef4 c6 25. Nc3 Qe7 26. Rf2 Re3 27. Nce2 Rf8 28. Rdf1 d5 29. Qc1 d4 30. Qc4 Re8 31. h4 Qd6 32. Kh2 d3 33. Nc1 Rd8 34. Ncxd3 Rxd3 35. Nxd3 Qxd3 36. Qxd3 Rxd3 37. Rf7 Be5 38. Rxa7 Bxg3+ 39. Kg2 Kg8 40. Rf3 1-0


[Site "https://www.chess.com"]

[Event "Titled Tuesday Blitz July 4 Late 2023"]
[White "Belov, Alexei"]
[Black "Ozer, Omer Faruk"]
[WhiteFideId "4128206"]
[BlackFideId "6354564"]
[WhiteElo "2534"]
[BlackElo "2752"]
[Result "0-1"]
[Round "6"]
[TimeControl "180+2"]
[Date "2023.07.04"]
[WhiteClock "0:00:05"]
[BlackClock "0:00:44"]
[Board "35"]

1. e4 e5 2. Nf3 Nc6 3. Bb5 a6 4. Ba4 g6 5. c3 Bg7 6. d4 exd4 7. cxd4 b5 8. Bb3 d6 9. Ng5 Nh6 10. Be3 O-O 11. h3 Na5 12. O-O Nxb3 13. Qxb3 Bb7 14. Nc3 Qd7 15. Nd5 Kh8 16. Rac1 Rac8 17. Rc2 f6 18. Nf3 Qf7 19. Rfc1 c6 20. Nb4 Qe8 21. Qd3 a5 22. Nxc6 Rxc6 23. Rxc6 Bxc6 24. d5 Bd7 25. Nd4 Nf7 26. f4 f5 27. exf5 Bxf5 28. Nxf5 gxf5 29. Rc7 Qe4 30. Qd2 b4 31. Kh2 Kg8 32. Bb6 Bh6 33. Kg3 Ne5 34. Bd4 Nd3 0-1


[Site "https://www.chess.com"]

[Event "Titled Tuesday Blitz July 4 Late 2023"]
[White "Luong Phuong Hanh"]
[Black "Mahdavi, Reza"]
[WhiteFideId "12401013"]
[BlackFideId "12595926"]
[WhiteElo "2482"]
[BlackElo "2748"]
[Result "0-1"]
[Round "6"]
[TimeControl "180+2"]
[Date "2023.07.04"]
[WhiteClock "0:00:36"]
[BlackClock "0:01:55"]
[Board "36"]

1. d4 Nf6 2. Nf3 e6 3. e3 b6 4. Bd3 Bb7 5. O-O Be7 6. c4 O-O 7. Nc3 c5 8. d5 exd5 9. cxd5 d6 10. e4 Nbd7 11. Qe2 Re8 12. Qc2 Bf8 13. h3 a6 14. a4 h6 15. Bf4 Rc8 16. Rfe1 g6 17. Qd2 Kh7 18. Rac1 Nh5 19. Bh2 Qc7 20. b3 Bg7 21. Ne2 Ne5 22. Nxe5 Bxe5 23. f4 Bg7 24. f5 Be5 25. fxg6+ fxg6 26. g4 Nf6 27. Bf4 Qg7 28. Bxe5 Rxe5 29. Nf4 Rce8 30. Qg2 Nxd5 31. exd5 Rxe1+ 32. Rxe1 Rxe1+ 33. Kh2 Qe5 34. Bxg6+ Kg7 35. Qg3 Re2+ 36. Kh1 Bxd5+ 0-1


[Site "https://www.chess.com"]

[Event "Titled Tuesday Blitz July 4 Late 2023"]
[White "Goryachkina, Aleksandra"]
[Black "Toolin, Christopher"]
[WhiteFideId "4147103"]
[BlackFideId "2024543"]
[WhiteElo "2724"]
[BlackElo "2416"]
[Result "0-1"]
[Round "6"]
[TimeControl "180+2"]
[Date "2023.07.04"]
[WhiteClock "0:00:00"]
[BlackClock "0:00:11"]
[Board "37"]

1. e4 c5 2. Nf3 e6 3. d4 cxd4 4. Nxd4 a6 5. Bd3 Qc7 6. O-O Nf6 7. c4 d6 8. Nc3 b6 9. Qe2 Nbd7 10. Be3 Bb7 11. f3 Be7 12. Rac1 O-O 13. Rfd1 Rac8 14. Qf2 Rfe8 15. Kh1 Qb8 16. Bf1 h5 17. b3 h4 18. Nde2 h3 19. gxh3 Ne5 20. Bg2 Qa8 21. Bxb6 d5 22. f4 Ng6 23. e5 Ne4 24. Nxe4 dxe4 25. Be3 Bh4 26. Ng3 Ne7 27. Qe2 Red8 28. Bb6 Rxd1+ 29. Rxd1 Ng6 30. Be3 a5 31. Qg4 Rd8 32. Nh5 Be7 33. Ng3 Nh4 34. Qe2 a4 35. Rxd8+ Bxd8 36. b4 a3 37. b5 Qa5 38. c5 Qc3 39. c6 Bxc6 40. bxc6 Qxc6 41. Bxe4 Qc3 42. Qd2 Qa1+ 43. Bg1 Bb6 0-1


[Site "https://www.chess.com"]

[Event "Titled Tuesday Blitz July 4 Late 2023"]
[White "Mindhunter08"]
[Black "Stoleriu, George"]
[BlackFideId "1227505"]
[WhiteElo "2410"]
[BlackElo "2686"]
[Result "1/2-1/2"]
[Round "6"]
[TimeControl "180+2"]
[Date "2023.07.04"]
[WhiteClock "0:02:18"]
[BlackClock "0:02:19"]
[Board "38"]

1. e4 e6 2. d4 d5 3. Nc3 Bb4 4. Ne2 Nf6 5. e5 Nfd7 6. a3 Be7 7. Nf4 c5 8. Qg4 g6 9. Bd3 cxd4 10. Nxe6 fxe6 11. Bxg6+ hxg6 12. Qxg6+ Kf8 13. Bh6+ Rxh6 14. Qxh6+ Kf7 15. Qh7+ Kf8 16. Qh8+ Kf7 17. Qh7+ Kf8 18. Qh8+ Kf7 19. Qh7+ 1/2-1/2


[Site "https://www.chess.com"]

[Event "Titled Tuesday Blitz July 4 Late 2023"]
[White "Papasimakopoulos, Alexandros"]
[Black "Cluke86"]
[WhiteFideId "4244125"]
[WhiteElo "2685"]
[BlackElo "2335"]
[Result "1-0"]
[Round "6"]
[TimeControl "180+2"]
[Date "2023.07.04"]
[WhiteClock "0:01:47"]
[BlackClock "0:00:25"]
[Board "39"]

1. d4 d6 2. c4 e5 3. Nf3 e4 4. Ng5 Bf5 5. Nc3 Nf6 6. g4 Bg6 7. Bg2 Qe7 8. Qb3 b6 9. h4 h6 10. h5 hxg5 11. hxg6 Rxh1+ 12. Bxh1 fxg6 13. Bxg5 Qe6 14. Bxf6 Qxf6 15. Bxe4 c6 16. e3 Kd7 17. Qc2 Na6 18. Bxc6+ Kxc6 19. Qe4+ Kd7 20. Qxa8 Nc7 21. Qb7 Be7 22. Nd5 1-0


[Site "https://www.chess.com"]

[Event "Titled Tuesday Blitz July 4 Late 2023"]
[White "Dardha, Daniel"]
[Black "Ardila, Oscar Humberto"]
[WhiteFideId "240990"]
[BlackFideId "4404742"]
[WhiteElo "2872"]
[BlackElo "2341"]
[Result "1-0"]
[Round "6"]
[TimeControl "180+2"]
[Date "2023.07.04"]
[WhiteClock "0:01:20"]
[BlackClock "0:00:00"]
[Board "40"]

1. d4 Nf6 2. Bg5 e6 3. e4 Be7 4. e5 Nd5 5. h4 Bxg5 6. hxg5 Qxg5 7. Nf3 Qe7 8. c4 Qb4+ 9. Nbd2 Nf4 10. g3 Ng6 11. Bd3 Qxb2 12. Rb1 Qc3 13. Rb3 Qa5 14. Bxg6 fxg6 15. Qc2 O-O 16. Rxh7 Rf5 17. Rh1 Nc6 18. Qe4 d5 19. exd6 cxd6 20. g4 Rf6 21. g5 Rf5 22. Qh4 Bd7 23. Qh8+ Kf7 24. Qxa8 Nxd4 25. Nxd4 Qe5+ 26. Re3 Qxd4 27. Rh8 Qa1+ 28. Ke2 e5 29. Rf8+ Ke6 30. Re8+ Kf7 31. Rf8+ Ke6 32. Rxf5 gxf5 33. Qg8+ Ke7 34. Qxg7+ Kd8 35. Qf6+ Kc8 36. Qxd6 f4 37. Qxe5 Qxa2 38. Qxf4 b6 39. g6 1-0


[Site "https://www.chess.com"]

[Event "Titled Tuesday Blitz July 4 Late 2023"]
[White "Ibarra Jerez, Jose Carlos"]
[Black "Fiol, Fabrice"]
[WhiteFideId "2226332"]
[BlackFideId "611670"]
[WhiteElo "2857"]
[BlackElo "2544"]
[Result "1-0"]
[Round "6"]
[TimeControl "180+2"]
[Date "2023.07.04"]
[WhiteClock "0:01:00"]
[BlackClock "0:00:28"]
[Board "41"]

1. e4 c5 2. Nf3 e6 3. d4 cxd4 4. Nxd4 a6 5. c4 Qc7 6. a3 d6 7. Nc3 b6 8. Be3 Bb7 9. f3 Nd7 10. Rc1 Ngf6 11. Be2 Be7 12. O-O Rc8 13. Qd2 h5 14. b4 h4 15. Nd5 exd5 16. cxd5 Qb8 17. Nc6 Bxc6 18. dxc6 Ne5 19. Bxa6 h3 20. Bxc8 Qxc8 21. g3 O-O 22. Bxb6 Qa6 23. Qe3 Nc4 24. Rxc4 Qxc4 25. c7 Nd7 26. Rc1 Qa2 27. Qf2 Qxf2+ 28. Bxf2 Rc8 29. b5 d5 30. b6 Bxa3 31. b7 1-0


[Site "https://www.chess.com"]

[Event "Titled Tuesday Blitz July 4 Late 2023"]
[White "Goltsev, Dmitry"]
[Black "Francisco Guecamburu, Candela Be"]
[WhiteFideId "24176710"]
[BlackFideId "160911"]
[WhiteElo "2821"]
[BlackElo "2543"]
[Result "1/2-1/2"]
[Round "6"]
[TimeControl "180+2"]
[Date "2023.07.04"]
[WhiteClock "0:01:18"]
[BlackClock "0:00:52"]
[Board "42"]

1. e4 c5 2. Nf3 g6 3. d4 cxd4 4. Qxd4 Nf6 5. Nc3 Nc6 6. Qa4 d6 7. e5 dxe5 8. Nxe5 Bg7 9. Nxc6 bxc6 10. Qxc6+ Bd7 11. Qf3 O-O 12. h3 Qc7 13. Be2 Bc6 14. Qg3 Qxg3 15. fxg3 Bxg2 16. Rg1 Bc6 17. Be3 Rfd8 18. g4 Ne4 19. Nxe4 Bxe4 20. c3 Rab8 21. Bc1 a5 22. Kf2 a4 23. Rd1 Rdc8 24. Bd3 Bxd3 25. Rxd3 a3 26. Rb1 Bxc3 27. b3 Bb2 28. Bxb2 Rc2+ 29. Ke3 Rxb2 30. Rxb2 axb2 31. Rd1 Ra8 32. Rb1 Rxa2 33. Kd3 f5 34. gxf5 gxf5 35. Kc3 Kf7 36. b4 Ra3+ 37. Kd4 Rxh3 38. Rxb2 Rh6 39. b5 Rb6 40. Kc5 Rb8 41. Kc6 e5 42. Kc7 Re8 43. b6 f4 44. Rd2 Kf6 45. b7 e4 46. Rd8 Re7+ 47. Rd7 Re8 48. Rd6+ Kf5 49. Rd5+ Kg4 50. Rd8 Re7+ 51. Rd7 Re8 52. Rd8 Re7+ 53. Rd7 Re8 54. Rd8 1/2-1/2


[Site "https://www.chess.com"]

[Event "Titled Tuesday Blitz July 4 Late 2023"]
[White "Kantor, Gergely"]
[Black "Kirillov, Dmitry"]
[WhiteFideId "751499"]
[BlackFideId "34180572"]
[WhiteElo "2804"]
[BlackElo "2539"]
[Result "1-0"]
[Round "6"]
[TimeControl "180+2"]
[Date "2023.07.04"]
[WhiteClock "0:02:09"]
[BlackClock "0:00:06"]
[Board "43"]

1. e4 e5 2. Nf3 Nc6 3. Bc4 Nf6 4. d3 Bc5 5. c3 O-O 6. O-O d5 7. exd5 Nxd5 8. Nbd2 Nb6 9. Re1 Nxc4 10. Nxc4 f6 11. b4 Bb6 12. a4 a5 13. b5 Ne7 14. Ba3 Re8 15. d4 exd4 16. Nxb6 cxb6 17. Qb3+ Kh8 18. Qf7 Bg4 19. Bxe7 Qd7 20. Nxd4 Rac8 21. h3 Bxh3 22. gxh3 Qxh3 23. Re3 Qh6 24. Rae1 1-0


[Site "https://www.chess.com"]

[Event "Titled Tuesday Blitz July 4 Late 2023"]
[White "Arencibia Monduy, Antonio"]
[Black "Gorovets, Andrey"]
[WhiteFideId "3507939"]
[BlackFideId "13504037"]
[WhiteElo "2538"]
[BlackElo "2751"]
[Result "0-1"]
[Round "6"]
[TimeControl "180+2"]
[Date "2023.07.04"]
[WhiteClock "0:00:00"]
[BlackClock "0:00:20"]
[Board "44"]

1. e4 c5 2. Nf3 Nc6 3. c3 d5 4. exd5 Qxd5 5. d4 Bf5 6. Be2 e6 7. O-O Nf6 8. Be3 cxd4 9. Nxd4 Nxd4 10. Bxd4 Be7 11. Qa4+ Kf8 12. Bxf6 gxf6 13. Bf3 Qc5 14. Nd2 Rd8 15. Nb3 Qb6 16. Nd4 Bg6 17. Qb3 e5 18. Qxb6 axb6 19. Nb3 e4 20. Be2 Kg7 21. Rfd1 f5 22. g3 f4 23. gxf4 Bd6 24. Bc4 Bxf4 25. Nd4 Kf6 26. Ne2 Bd2 27. Ng3 Ke5 28. Kf1 f5 29. Ke2 Bh6 30. f3 e3 31. Bd3 Rd6 32. Bc2 Rhd8 33. Rxd6 Rxd6 34. Rd1 Rxd1 35. Kxd1 f4 36. Ne4 Bf7 37. b3 Bd5 38. Ke2 Bf8 39. c4 Bc6 40. Ng5 h6 41. Nf7+ Kf6 42. Nd8 Bb4 43. Nxc6 bxc6 44. Be4 c5 45. Bc6 Ba3 46. Bb7 Ke5 47. Kd3 Kf6 48. Bc8 Kg5 49. Bd7 Kf6 50. Bc8 Ke5 51. Bh3 Kd6 52. Bg4 Bb2 53. Bh3 Be5 54. Bg4 Ke7 55. Bf5 Bd6 56. Bc8 Kd8 57. Bg4 Kc7 58. Bf5 Kb7 59. Bd7 Ka6 60. a3 Kb7 61. Be6 Kc7 62. Bf5 Kd8 63. Bg4 Ke7 64. Bh3 Kf6 65. Bc8 Be5 66. Bd7 Bb2 67. Bc8 Bxa3 68. Bd7 Bb4 69. Bc8 Ba3 70. Bh3 Bb2 71. Bg4 Be5 72. Bh3 Bd6 73. Bg4 Ke7 74. Bh3 Kd8 75. Bf5 Kc7 76. Bh3 Kb7 77. Bg4 Ka6 78. Bh3 Ka5 79. Bf1 Kb4 80. Kc2 Ka3 81. Be2 Be5 82. Bf1 Ka2 83. Be2 Ka3 84. Bf1 h5 85. Be2 h4 86. Bf1 h3 87. Be2 Bf6 88. Bf1 Bh4 89. Bxh3 e2 0-1


[Site "https://www.chess.com"]

[Event "Titled Tuesday Blitz July 4 Late 2023"]
[White "Rottenwohrer Suarez, Juan"]
[Black "Ghazarian, Kirk"]
[WhiteFideId "32068182"]
[BlackFideId "30908604"]
[WhiteElo "2535"]
[BlackElo "2741"]
[Result "0-1"]
[Round "6"]
[TimeControl "180+2"]
[Date "2023.07.04"]
[WhiteClock "0:00:00"]
[BlackClock "0:00:04"]
[Board "45"]

1. Nf3 d5 2. g3 Nf6 3. Bg2 b5 4. O-O Bb7 5. a4 b4 6. b3 e6 7. Bb2 Be7 8. d3 O-O 9. Nbd2 c5 10. e4 Nc6 11. Qe2 Re8 12. Rad1 Qc7 13. Rfe1 Rad8 14. h4 h6 15. e5 Nd7 16. Nf1 Nb6 17. N1h2 c4 18. Ng4 Na5 19. Bc1 cxb3 20. cxb3 Nxb3 21. Bxh6 gxh6 22. Nxh6+ Kg7 23. Ng4 d4 24. Rb1 Qc3 25. Ng5 Bxg2 26. Kxg2 Bxg5 27. hxg5 Qc6+ 28. f3 Nc5 29. Rh1 Rh8 30. Nf6 Nbxa4 31. Qd2 Nc3 32. Ra1 a6 33. Qf4 Rdg8 34. Nxg8 Rxg8 35. Qf6+ Kf8 36. Rh8 Rxh8 37. Qxh8+ Ke7 38. Qf6+ Kd7 39. Qxf7+ Kc8 40. Rh1 Nb7 41. Rh8+ Nd8 42. Qe7 Qd7 43. Qc5+ Qc7 44. Qxd4 Nd5 45. g6 Qc2+ 46. Kh3 Qc7 0-1


[Site "https://www.chess.com"]

[Event "Titled Tuesday Blitz July 4 Late 2023"]
[White "ElDivis"]
[Black "Erenberg, Ariel"]
[BlackFideId "2811634"]
[WhiteElo "2534"]
[BlackElo "2728"]
[Result "1-0"]
[Round "6"]
[TimeControl "180+2"]
[Date "2023.07.04"]
[WhiteClock "0:00:19"]
[BlackClock "0:00:02"]
[Board "46"]

1. Nf3 b6 2. d4 Bb7 3. e3 g6 4. Bd3 Bg7 5. O-O d6 6. c4 Nd7 7. Nc3 e5 8. Qc2 Ne7 9. d5 O-O 10. e4 h6 11. g3 f5 12. Nh4 f4 13. Bd2 g5 14. Nf5 Nxf5 15. exf5 Nc5 16. g4 h5 17. h3 Kf7 18. Ne4 Nxe4 19. Bxe4 Bf6 20. Kg2 hxg4 21. hxg4 Rh8 22. Rh1 Qd7 23. f3 a6 24. b4 c6 25. Qd3 b5 26. a4 bxc4 27. Qxc4 cxd5 28. Bxd5+ Kg7 29. Be6 Qe7 30. Rxh8 Rxh8 31. Rc1 d5 32. Qc7 e4 33. Qxe7+ Bxe7 34. Rc7 exf3+ 35. Kxf3 Rh3+ 36. Ke2 Rh2+ 37. Kd1 Rh1+ 38. Kc2 f3 39. Be3 Kf8 40. Rxb7 Re1 41. Kd3 Bd6 42. Bxd5 Bf4 43. Bxf4 f2 44. Bg2 gxf4 45. f6 Rg1 46. Ke2 Rxg2 47. Kf1 Rh2 48. g5 f3 49. g6 Ke8 50. f7+ Kd8 51. f8=Q# 1-0


[Site "https://www.chess.com"]

[Event "Titled Tuesday Blitz July 4 Late 2023"]
[White "Kanyamarala, Tarun"]
[Black "Daggupati, Balaji"]
[WhiteFideId "45004714"]
[BlackFideId "2090759"]
[WhiteElo "2534"]
[BlackElo "2688"]
[Result "1-0"]
[Round "6"]
[TimeControl "180+2"]
[Date "2023.07.04"]
[WhiteClock "0:00:11"]
[BlackClock "0:00:00"]
[Board "47"]

1. d4 d5 2. c4 dxc4 3. e3 e6 4. Bxc4 Nf6 5. Nf3 a6 6. a4 Be7 7. O-O O-O 8. Nc3 c5 9. Qe2 Nc6 10. Rd1 Qc7 11. b3 cxd4 12. exd4 Na5 13. Bg5 Nxb3 14. Bxb3 Qxc3 15. Bc2 h6 16. Rac1 Qa5 17. Bh4 g5 18. Bg3 b6 19. h4 Bb7 20. hxg5 hxg5 21. Be5 Nh7 22. Nxg5 Nxg5 23. Qh5 Bf6 24. Rd3 Bxe5 25. dxe5 f6 26. Qg6+ Kh8 27. Rd7 1-0


[Site "https://www.chess.com"]

[Event "Titled Tuesday Blitz July 4 Late 2023"]
[White "WindWhistler11"]
[Black "Shuvalova, Polina"]
[BlackFideId "24171760"]
[WhiteElo "2534"]
[BlackElo "2686"]
[Result "0-1"]
[Round "6"]
[TimeControl "180+2"]
[Date "2023.07.04"]
[WhiteClock "0:00:01"]
[BlackClock "0:00:24"]
[Board "48"]

1. Nf3 c5 2. g3 g6 3. d4 cxd4 4. Nxd4 Bg7 5. c4 Nc6 6. Nc2 Nf6 7. Nc3 O-O 8. Bg2 d6 9. O-O Be6 10. Ne3 Rc8 11. b3 Ng4 12. Qd2 Nxe3 13. Qxe3 Nd4 14. Rb1 Bf5 15. Rb2 b5 16. Nxb5 Nxb5 17. cxb5 d5 18. Rd2 d4 19. Qf3 e5 20. Qd5 Qa5 21. Qd6 Rxc1 22. Rxc1 Qxd2 23. Rf1 Qxe2 24. Qc7 d3 25. Qb7 d2 26. Bf3 Qd3 27. Bd5 Qxf1+ 28. Kxf1 d1=Q+ 29. Kg2 Bd3 0-1


[Site "https://www.chess.com"]

[Event "Titled Tuesday Blitz July 4 Late 2023"]
[White "Matinian, Nikita"]
[Black "Osmak, Yuliia"]
[WhiteFideId "24129100"]
[BlackFideId "14101602"]
[WhiteElo "2682"]
[BlackElo "2533"]
[Result "1-0"]
[Round "6"]
[TimeControl "180+2"]
[Date "2023.07.04"]
[WhiteClock "0:01:07"]
[BlackClock "0:00:00"]
[Board "49"]

1. e4 c5 2. Nf3 d6 3. d4 cxd4 4. Nxd4 Nf6 5. Nc3 a6 6. Be2 e6 7. Be3 Nbd7 8. g4 Nc5 9. f3 b5 10. b4 Na4 11. Nxa4 bxa4 12. c4 Bd7 13. a3 Be7 14. g5 Nh5 15. f4 g6 16. Bxh5 gxh5 17. Qxh5 d5 18. cxd5 exd5 19. e5 Qb6 20. f5 O-O-O 21. Rc1+ Kb7 22. Qxf7 Bxg5 23. Qxd5+ Kb8 24. Bxg5 Rc8 25. Qxd7 Rxc1+ 26. Bxc1 Rc8 27. Qd6+ Qxd6 28. exd6 Rxc1+ 29. Kf2 Rxh1 30. f6 Rxh2+ 31. Kg3 Rh6 32. f7 Rf6 33. d7 Kc7 34. f8=Q Rxf8 35. Ne6+ Kxd7 36. Nxf8+ Kc6 37. Ne6 a5 38. bxa5 Kb5 39. Nf4 Kxa5 40. Nd3 Kb5 41. Nb2 Ka5 42. Kh4 1-0


[Site "https://www.chess.com"]

[Event "Titled Tuesday Blitz July 4 Late 2023"]
[White "Papp, Levente"]
[Black "Novik, Maxim"]
[WhiteFideId "751243"]
[BlackFideId "4102924"]
[WhiteElo "2682"]
[BlackElo "2525"]
[Result "1-0"]
[Round "6"]
[TimeControl "180+2"]
[Date "2023.07.04"]
[WhiteClock "0:00:16"]
[BlackClock "0:00:11"]
[Board "50"]

1. b3 e5 2. Bb2 d6 3. c4 Nf6 4. g3 g6 5. Bg2 Bg7 6. Nc3 O-O 7. Nf3 Re8 8. O-O c6 9. e4 Nbd7 10. d3 Nc5 11. b4 Ne6 12. a3 h6 13. Nd2 Nd4 14. Nb3 Nxb3 15. Qxb3 Be6 16. Rad1 Nh5 17. Ne2 f5 18. d4 f4 19. dxe5 Qd7 20. exd6 Qf7 21. Bxg7 Bxc4 22. Qf3 Kxg7 23. Rfe1 g5 24. Nd4 Be6 25. Nxe6+ Rxe6 26. Bh3 Re5 27. Bf5 Rd8 28. Kh1 Kf8 29. Rg1 Ng7 30. gxf4 gxf4 31. Qxf4 Qf6 32. Rg6 Rxf5 33. Rxf6+ Rxf6 34. Qxf6+ Kg8 35. Qxd8+ 1-0


[Site "https://www.chess.com"]

[Event "Titled Tuesday Blitz July 4 Late 2023"]
[White "Camacho Collados, Marcos"]
[Black "Rastbod, Ali"]
[WhiteFideId "2266237"]
[BlackFideId "12567477"]
[WhiteElo "2527"]
[BlackElo "2674"]
[Result "0-1"]
[Round "6"]
[TimeControl "180+2"]
[Date "2023.07.04"]
[WhiteClock "0:00:00"]
[BlackClock "0:00:28"]
[Board "51"]

1. Nf3 Nf6 2. g3 b5 3. Bg2 Bb7 4. O-O c5 5. d3 e6 6. e4 d6 7. Re1 Nbd7 8. c3 Be7 9. Nbd2 O-O 10. d4 cxd4 11. cxd4 Qb6 12. b3 Rac8 13. Bb2 Rfd8 14. Rc1 a5 15. Rxc8 Rxc8 16. h4 h6 17. e5 dxe5 18. dxe5 Ng4 19. Bd4 Bc5 20. Bxc5 Nxc5 21. Qe2 Rd8 22. Rf1 Nd3 23. h5 Qc5 24. b4 Qxb4 25. Bh3 a4 26. Rb1 Nb2 27. Bxg4 Qxg4 28. Rxb2 Rxd2 29. Rxd2 Bxf3 30. Rd8+ Kh7 31. Qc2+ Be4 32. Qc8 Qxh5 33. Rh8+ Kg6 34. f3 Qxf3 35. Rxh6+ Kxh6 0-1


[Site "https://www.chess.com"]

[Event "Titled Tuesday Blitz July 4 Late 2023"]
[White "Rosen, Eric"]
[Black "Womacka, Mathias"]
[WhiteFideId "2032562"]
[BlackFideId "4611390"]
[WhiteElo "2670"]
[BlackElo "2523"]
[Result "1-0"]
[Round "6"]
[TimeControl "180+2"]
[Date "2023.07.04"]
[WhiteClock "0:00:22"]
[BlackClock "0:00:00"]
[Board "52"]

1. d4 Nf6 2. Bf4 c5 3. e3 e6 4. Nf3 d5 5. Nbd2 Bd6 6. Bb5+ Nc6 7. O-O O-O 8. dxc5 Bxc5 9. c4 Be7 10. Rc1 Nb4 11. cxd5 Nfxd5 12. a3 Nxf4 13. exf4 Nd3 14. Bxd3 Qxd3 15. Nc4 Rd8 16. Qxd3 Rxd3 17. Nfe5 Rd4 18. g3 Bd7 19. Nxd7 Rxd7 20. Ne5 Rd2 21. Rc7 Bd6 22. Rd7 Rd5 23. Nxf7 Bxa3 24. Rxb7 Bxb2 25. Nh6+ gxh6 26. Rxb2 a5 27. Ra1 a4 28. Ra3 Kf7 29. Rb4 Rda5 30. Kg2 h5 31. Kf3 Kf6 32. Ke4 R8a7 33. h3 R7a6 34. Rb7 Ra7 35. Rb6 R7a6 36. Rb4 Ra7 37. Kd4 R7a6 38. Rb7 Ra7 39. Rb8 Rd5+ 40. Ke4 Rda5 41. Rb2 R7a6 42. Kf3 Ra7 43. Re2 R7a6 44. Ree3 Ra7 45. Re4 R7a6 46. Re1 Ra7 47. Rea1 R7a6 48. R1a2 Ra7 49. Rb2 R7a6 50. Rb8 Ra7 51. Rf8+ Kg7 52. Re8 Kf7 53. Rh8 Kg7 54. Rb8 Kf7 55. g4 hxg4+ 56. hxg4 h6 57. Kg3 Kg6 58. Rb6 Kf7 59. Kh4 R7a6 60. Rb7+ Kg6 61. Rb8 Ra7 62. Rg8+ Kf7 63. Rc8 Kg6 64. Kg3 Kf6 65. Rc1 Kg6 66. Rh1 R7a6 67. Kg2 Rb6 68. Rah3 a3 69. Rxh6+ Kf7 70. Rh7+ Ke8 71. Rc7 1-0


[Site "https://www.chess.com"]

[Event "Titled Tuesday Blitz July 4 Late 2023"]
[White "Bilan, Danila"]
[Black "Fisher_TheGalactic"]
[WhiteFideId "24161918"]
[WhiteElo "2521"]
[BlackElo "2665"]
[Result "1-0"]
[Round "6"]
[TimeControl "180+2"]
[Date "2023.07.04"]
[WhiteClock "0:00:36"]
[BlackClock "0:00:01"]
[Board "53"]

1. d4 d5 2. Nf3 e6 3. c4 Nf6 4. Nc3 c6 5. Bg5 Bb4 6. Qb3 Bxc3+ 7. bxc3 O-O 8. e3 h6 9. Bh4 Nbd7 10. Bd3 dxc4 11. Bxc4 b5 12. Be2 a6 13. Ne5 Nxe5 14. dxe5 g5 15. Rd1 Nd5 16. Bg3 Qa5 17. Rc1 c5 18. h4 g4 19. h5 Bb7 20. Rh4 Ne7 21. Rxg4+ Kh8 22. Bh4 Nd5 23. Qxd5 Bxd5 24. Bf6+ Kh7 25. Bd3+ Be4 26. Bxe4# 1-0


[Site "https://www.chess.com"]

[Event "Titled Tuesday Blitz July 4 Late 2023"]
[White "Andrej2004"]
[Black "Mattheii"]
[WhiteElo "2664"]
[BlackElo "2511"]
[Result "0-1"]
[Round "6"]
[TimeControl "180+2"]
[Date "2023.07.04"]
[WhiteClock "0:00:27"]
[BlackClock "0:00:10"]
[Board "54"]

1. g3 d5 2. Bg2 Nf6 3. b3 c5 4. Bb2 Nc6 5. Nf3 e6 6. O-O Be7 7. d3 O-O 8. Nbd2 Qc7 9. e4 d4 10. a3 e5 11. Nh4 g6 12. Qe1 b5 13. h3 a5 14. f4 exf4 15. gxf4 Nh5 16. e5 Bb7 17. f5 Bxh4 18. Qxh4 Nxe5 19. Ne4 Bxe4 20. Bxe4 Rac8 21. Rf2 Qd8 22. f6 c4 23. Raf1 cxb3 24. cxb3 Qd6 25. Bc1 Rfe8 26. Kh1 Rc3 27. Rg1 Kh8 28. Bh6 Nxd3 29. Rfg2 Qxf6 30. Qxh5 gxh5 31. Bg7+ Qxg7 32. Rxg7 Nf2+ 33. Kh2 Nxe4 34. Rxf7 Rc2+ 35. Kh1 Rg8 36. Re1 Nf2+ 37. Kh2 Nd3+ 38. Re2 Rxe2+ 0-1


[Site "https://www.chess.com"]